 Dungeon Crawl Stone Soup version 0.19.4-10-g532645f (webtiles) character file.

106 tof the Covered (level 4, -1/40 HPs)
             Began as a Minotaur Fighter on Feb 25, 2017.
             Slain by North's ghost (3 damage)
             ... on level 3 of the Dungeon.
             The game lasted 00:04:33 (1906 turns).

tof the Covered (Minotaur Fighter)                  Turns: 1906, Time: 00:04:34

Health: -1/40      AC: 10    Str: 21    XL:     4   Next: 55%
Magic:  3/3        EV:  8    Int:  5    God:
Gold:   124        SH:  0    Dex: 10    Spells: 0 memorised, 3 levels left

rFire  . . .     SeeInvis .     g - -3 dire flail (curse)
rCold  . . .     Gourm    .     k - +1 chain mail
rNeg   . . .     Faith    .     (shield currently unavailable)
rPois  .         Spirit   .     (helmet restricted)
rElec  .         Reflect  .     (no cloak)
rCorr  .         Harm     .     (no gloves)
MR     .....                    (no boots)
Stlth  ..........               (no amulet)
                                (no ring)
                                j - ring of loudness (curse)

@: lethally poisoned (-1 -> -16)
A: retaliatory headbutt, horns 2
a: no special abilities


You were on level 3 of the Dungeon.
You were not hungry.

You visited 1 branch of the dungeon, and saw 3 of its levels.

You collected 124 gold pieces.

Inventory:

Hand Weapons
 a - a +0 flail
 g - a cursed -3 dire flail (weapon)
Armour
 c - a +0 shield
 k - a +1 chain mail (worn)
Jewellery
 j - a cursed ring of loudness (left hand)
Wands
 p - a wand of random effects (27/48)
Scrolls
 l - 3 scrolls of identify
Potions
 d - 2 potions of might
 e - 3 potions of curing
 h - 2 potions of resistance {unknown}
 i - a potion of heal wounds {unknown}
 n - a potion of degeneration {unknown}
 q - a potion of agility {unknown}
 t - a potion of lignification {unknown}
Comestibles
 f - 2 bread rations
 m - a beef jerky
 o - a slice of pizza
 r - a royal jelly
 s - a meat ration


   Skills:
 + Level 4.2 Fighting
 + Level 4.2 Maces & Flails
 + Level 4.3 Armour
 + Level 0.4 Dodging
 + Level 4.3 Shields


You had 3 spell levels left.
You didn't know any spells.

Dungeon Overview and Level Annotations

Branches:
Dungeon (3/15)

Altars:
Nemelex Xobeh
Okawaru

Annotations:
D:3 North's ghost, amateur DrSu


Innate Abilities, Weirdness & Mutations

You reflexively headbutt those who attack you in melee.
You have a pair of horns on your head.


Message History

North's ghost says very slowly, "There's no hope."
North's ghost casts a spell.
North's ghost hits you but does no damage.
You closely miss North's ghost.
North's ghost hits you but does no damage.
You are poisoned.
The ice beast hits you. The ice beast freezes you!
You closely miss North's ghost. Your headbutt misses North's ghost.
You feel sick. North's ghost hits you.
You are more poisoned.
The ice beast hits you. The ice beast freezes you!
* * * LOW HITPOINT WARNING * * *
You are too injured to fight recklessly!
You are too injured to fight recklessly!
* * * LOW HITPOINT WARNING * * *
You feel sick.
You miss North's ghost. Your headbutt misses North's ghost.
* * * LOW HITPOINT WARNING * * *
You feel sick. North's ghost hits you.
You die...

#.....###.###.## #####
#.#.......##...########...# #
##.#.......#.....#.......#.###
#
#..#.#...†.........#..........
#
#.##.#####.###.###....###.###.
# #.##.#####.# #.# ####.# #.#
#. # #.##.......# #.# #.#
#.###. # #?############'## #.#
#..##. # #.♣♣♣♣# ##@..# #.#
##.##. # #♣♣♣P.♣ ##W##########
##### ###♣PPP.♣♣ ##.........
##....P.♣♣♣##...#...#..
....♣.....♣.'..........
#..♣.♣♣♣♣♣♣##...#...#.. #.##♣♣
##......... #.##.♣♣ ##.#######
#.#..)# # ##...#


You could see North's ghost.

Vanquished Creatures
  4 adders (D:2)
  An ooze (D:2)
  A worm (D:2)
  4 dart slugs
  2 leopard geckos (D:3)
  6 bats
  2 giant cockroaches (D:3)
  6 hobgoblins
  7 jackals
  8 frilled lizards
  A goblin (D:1)
  8 kobolds
  3 rats
53 creatures vanquished.

Vanquished Creatures (others)
  A goblin (D:2)
1 creature vanquished.

Grand Total: 54 creatures vanquished

Notes
Turn   | Place    | Note
-------+----------+-------------------------------------------
     0 | D:1      | tof the Minotaur Fighter began the quest for the Orb.
     0 | D:1      | Reached XP level 1. HP: 19/19 MP: 0/0
   125 | D:1      | Reached XP level 2. HP: 23/27 MP: 1/1
   441 | D:1      | Reached XP level 3. HP: 26/33 MP: 2/2
   975 | D:2      | Reached XP level 4. HP: 32/40 MP: 3/3
  1090 | D:2      | Found a sparkling altar of Nemelex Xobeh.
  1154 | D:2      | Found an iron altar of Okawaru.
  1899 | D:3      | Noticed North's ghost (amateur DrSu)
  1902 | D:3      | Noticed an ice beast
  1906 | D:3      | HP: 2/40 [poisoned by North's ghost]
  1906 | D:3      | Slain by North's ghost

Skill      XL: |  1  2  3  4 |
---------------+-------------+-----
Armour         | 4 |  4.3
Shields        | 4 |  4.3
Maces & Flails | 3 4 |  4.2
Fighting       | 4 |  4.2
Dodging        | |  0.4

Action                   |  1- 3 |  4- 6 || total
-------------------------+-------+-------++-------
Melee: Flail             |    53 |       ||    53
       Headbutt          |     7 |    10 ||    17
       Dire flail        |    21 |    43 ||    64
  Use: Scroll            |     1 |     5 ||     6
  Eat: Chunk             |       |     3 ||     3
Armor: Scale mail        |    45 |       ||    45
       Chain mail        |     7 |    26 ||    33
Dodge: Dodged            |    22 |    15 ||    37
Block: Shield            |    35 |       ||    35
